 Dungeon Crawl Stone Soup version 0.19.0-18-g426998a (webtiles) character file.

200 Delusion the Ruffian (level 5, -7/40 HPs)
             Began as a Draconian Transmuter on Nov 11, 2016.
             Mangled by a hell rat (8 damage)
             ... on level 3 of the Dungeon.
             The game lasted 00:18:11 (3629 turns).

Delusion the Ruffian (Draconian Transmuter)         Turns: 3629, Time: 00:18:11

Health: -7/40      AC:  6    Str: 11 (12) XL:     5   Next: 48%
Magic:  16/18      EV: 12    Int: 14 (15) God:    Xom [*.....]
Gold:   108        SH:  0    Dex: 13 (14) Spells: 4 memorised, 0 levels left

rFire  . . .     SeeInvis .       - Unarmed
rCold  . . .     Gourm    .     (armour unavailable)
rNeg   . . .     Faith    .     (no shield)
rPois  .         Spirit   .     (helmet restricted)
rElec  .         Reflect  .     m - +0 cloak
rCorr  .         Harm     .     (no gloves)
MR     .....                    (no boots)
Stlth  +.........               (no amulet)
                                i - +3 ring of dexterity
                                f - ring of magical power

@: drained
A: unfitting armour, cold-blooded, AC +5
a: Renounce Religion


You were on level 3 of the Dungeon.
You worshipped Xom.
You were a special plaything of Xom.
You were not hungry.

You visited 1 branch of the dungeon, and saw 3 of its levels.

You collected 108 gold pieces.

Inventory:

Missiles
 a - 9 arrows
Armour
 m - a +0 cloak (worn)
Jewellery
 f - a ring of magical power (left hand)
 i - a +3 ring of dexterity (right hand)
Scrolls
 d - a scroll of remove curse {unknown}
 e - a scroll of random uselessness {unknown}
 g - a scroll of immolation {unknown}
 o - a scroll of enchant weapon {unknown}
 s - a scroll of identify {unknown}
Potions
 l - a potion of magic {unknown}
 r - a potion of flight {unknown}
Books
 b - a book of Changes

   Spells                             Type                      Level
   a - Beastly Appendage              Transmutation                1
   b - Sticks to Snakes               Transmutation                2
   c - Spider Form                    Transmutation/Poison         3
   d - Ice Form                       Ice/Transmutation            4
   e - Blade Hands                    Transmutation                5
Comestibles
 c - 5 bread rations
 h - a meat ration
 p - 4 chunks of flesh


   Skills:
 + Level 1.1(0.4) Fighting
 + Level 2.9(2.2) Dodging
 + Level 4.3(3.6) Unarmed Combat
 + Level 3.2(2.5) Spellcasting
 + Level 2.4(1.7) Transmutations
 + Level 1.2(0.5) Poison Magic


You couldn't memorise any spells.
You knew the following spells:

 Your Spells              Type           Power        Failure   Level  Hunger
a - Beastly Appendage     Tmut           #.....       14%         1    #......
b - Sticks to Snakes      Tmut           #.......     21%         2    ###....
c - Spider Form           Tmut/Pois      #.........   47%         3    ###....
d - Ice Form              Ice/Tmut       #.......     98%         4    #####..


Dungeon Overview and Level Annotations

Branches:
Dungeon (3/15)

Altars:
Xom


Innate Abilities, Weirdness & Mutations

Your plain brown scales are hard. (AC +5)
You cannot fit into any form of body armour.
You are cold-blooded and may be slowed by cold attacks.


Message History

You feel agile all of a sudden.
Xom thinks this is hilarious!
Your transformation is almost over.
You barely miss the hell rat. The hell rat bites you.
* * * LOW HITPOINT WARNING * * *
It was a potion of degeneration.
There was something very wrong with that liquid.
You feel weakened.
You feel dopey.
You feel clumsy.
Xom thinks this is hilarious!
The hell rat misses you.
It was a potion of cancellation.
Your magical effects are unravelling.
You feel magically purged.
Your magical contamination has completely faded away.
Your transformation has ended.
Your +0 cloak unmelds from your body.
You feel yourself slow down.
You feel less confused.
You feel a little less agile now. The hell rat bites you!
You die...

.# #.. ... .# .# #######
#.###.### ..# .###.....#
#.#.....#...# ...+.....+
#.#...>.#..
####.....#######...).....
#..........)...#.....#
#...........##.#.....#
###.###..........###)###.#
....##......###.@r.......#
######......# #...[#######
.# #......# ###### (#
#......# .# #...#### ##
#...# # ##### ....#


You could see a hell rat.

Vanquished Creatures
  Crazy Yiuf (D:3)
  An orc priest (D:3)
  Terence (D:3)
  2 adders (D:2)
  An ooze (D:2)
  3 worms
  3 leopard geckos
  9 orcs (D:3)
  6 bats
  5 giant cockroaches
  5 goblins
  10 hobgoblins
  2 jackals (D:3)
  A quokka (D:3)
  5 frilled lizards
  12 kobolds
  9 rats
76 creatures vanquished.

Vanquished Creatures (collateral kills)
  A dart slug (D:3)
1 creature vanquished.

Grand Total: 77 creatures vanquished

Notes
Turn   | Place    | Note
-------+----------+-------------------------------------------
     0 | D:1      | Delusion the Draconian Transmuter began the quest for the Orb.
     0 | D:1      | Reached XP level 1. HP: 16/16 MP: 3/3
   189 | D:1      | Reached XP level 2. HP: 10/23 MP: 5/5
   773 | D:1      | Learned a level 2 spell: Sticks to Snakes
  1229 | D:1      | Reached XP level 3. HP: 25/28 MP: 6/6
  1579 | D:2      | Found a shimmering altar of Xom.
  1603 | D:2      | Became a worshipper of Xom of Chaos
  1962 | D:2      | Learned a level 3 spell: Spider Form
  2019 | D:2      | XOM: mild Erth miscast
  2037 | D:2      | XOM: harmless Necr miscast
  2100 | D:2      | Reached XP level 4. HP: 35/35 MP: 8/8
  2122 | D:2      | XOM: divination: detect creatures
  2307 | D:2      | XOM is BORED!
  2307 | D:2      | XOM: harmless Divn miscast
  2369 | D:2      | XOM: harmless Pois miscast
  2444 | D:3      | Noticed Terence
  2458 | D:3      | Killed Terence
  2458 | D:3      | Reached skill level 4 in Unarmed Combat
  2497 | D:3      | XOM: harmless Tloc miscast
  2517 | D:2      | XOM: harmless Fire miscast
  2534 | D:2      | XOM: mild Tloc miscast
  2823 | D:3      | Reached XP level 5. HP: 36/40 MP: 9/9
  2909 | D:3      | Learned a level 4 spell: Ice Form
  3137 | D:3      | Found a runed door.
  3141 | D:3      | Noticed Crazy Yiuf
  3152 | D:3      | Killed Crazy Yiuf
  3152 | D:3      | Reached skill level 1 in Poison Magic
  3539 | D:3      | XOM: 3-stop teleportation journey
  3617 | D:3      | XOM: polymorph frilled lizard -> hell rat
  3625 | D:3      | XOM: confusion
  3627 | D:3      | HP: 1/40 [hell rat (4)]
  3629 | D:3      | Mangled by a hell rat

Skill      XL: |  1  2  3  4  5 |
---------------+----------------+-----
Dodging        | 2 |  2.9
Unarmed Combat | 4 |  4.3
Spellcasting   | 3 |  3.2
Poison Magic   | 1 |  1.2
Fighting       | |  1.1
Transmutations | |  2.4

Action                   |  1- 3 |  4- 6 || total
-------------------------+-------+-------++-------
Melee: Unarmed           |   148 |   119 ||   267
       Tailslap          |    13 |    11 ||    24
       Kick              |     5 |     8 ||    13
       Headbutt          |     5 |       ||     5
       Punch             |     1 |     2 ||     3
 Cast: Beastly Appendage |    18 |     3 ||    21
       Spider Form       |       |    16 ||    16
       Sticks to Snakes  |       |     3 ||     3
  Use: Potion            |       |     4 ||     4
 Stab: Invisible         |       |     1 ||     1
  Eat: Chunk             |     4 |     8 ||    12
Armor: Skin              |    74 |    25 ||    99
Dodge: Dodged            |   147 |    80 ||   227
